 Dungeon Crawl Stone Soup version 0.27.1-34-g3ba077fa99 (webtiles) character file.

Game seed: 2769167234445251709

35 Delamore the Sneak (level 3, -1/24 HPs)
             Began as an Octopode Brigand on Feb 11, 2022.
             Slain by an orc (11 damage)
             ... on level 2 of the Dungeon.
             The game lasted 00:00:53 (1339 turns).

Delamore the Sneak (Octopode Brigand)               Turns: 1339, Time: 00:00:54

Health: -1/24      AC:  1    Str: 10    XL:     3   Next: 35%
Magic:  3/3        EV: 12    Int: 13    God:
Gold:   100        SH:  0    Dex: 14    Spells: 2/2 levels left

rFire    . . .     SeeInvis .   a - +2 dagger
rCold    . . .     Faith    .   (no shield)
rNeg     . . .     Spirit   .   (helmet restricted)
rPois    .         Reflect  .   (no amulet)
rElec    .         Harm     .   (no ring)
rCorr    .         Rampage  .   (no ring)
Will     .....                  (no ring)
Stlth    ++++......             (no ring)
HPRegen  0.08/turn              (no ring)
MPRegen  0.08/turn              (no ring)
                                (no ring)
                                (no ring)

@: lethally poisoned (-1 -> -4)
A: almost no armour, amphibious, 8 rings, camouflage 1, gelatinous body 1,
(nimble swimmer 1), tentacles
a: no special abilities


You were on level 2 of the Dungeon.
You visited 1 branch of the dungeon, and saw 2 of its levels.

You collected 100 gold pieces.

Inventory:

Hand Weapons
 a - a +2 dagger (weapon)
Missiles
 b - 8 poisoned darts (quivered)
 c - 2 curare-tipped darts
Scrolls
 e - 2 scrolls of identify
Potions
 d - 2 potions of brilliance
 f - a potion of degeneration {unknown}


   Skills:
 - Level 2.0 Fighting
 + Level 2.6 Short Blades
 - Level 2.0 Throwing
 - Level 1.0 Dodging
 * Level 6.5 Stealth


You had 2 spell levels left.
You didn't know any spells.
Your spell library was empty.

Dungeon Overview and Level Annotations

Branches:
Dungeon (2/15)

Altars:

Shops:
D:1 :


Innate Abilities, Weirdness & Mutations

You cannot wear most types of armour.
You are amphibious.
You can wear up to eight rings at the same time.
Your skin changes colour to match your surroundings (Stealth+).
Your rubbery body absorbs attacks. (AC +1, EV +1)
((You are camouflaged near water. (Stealth+)))
You have tentacles for arms and can constrict up to eight enemies at once.


Message History

Things that are here:
a +0 whip; an orc corpse You barely miss the orc.
You grab the orc. You squeeze the orc, but do no damage. You constrict the orc.
The orc hits you with a +0 hand axe.
You hit the orc.
The orc is severely wounded.
You constrict the orc. The orc hits you with a +0 hand axe!
You release your grip on the orc.
There is a stone staircase leading up, spattered with blood here.
The orc closely misses you.
You climb upwards.
There is a stone staircase leading down here.
You hit the orc.
You kill the orc!
You start resting.
HP restored.
You climb downwards.
The goblin barely misses you.
The goblin hits you with a +0 dagger of venom.
You are poisoned.
There is a stone staircase leading up, spattered with blood here.
You hit the hobgoblin. You grab the hobgoblin. You squeeze the hobgoblin.
You kill the hobgoblin!
You feel sick. The goblin hits you but does no damage.
You hit the goblin.
You kill the goblin!
You feel sick.
You hit the orc. You grab the orc.
The orc is moderately wounded.
You constrict the orc, but do no damage.
You feel sick. The orc hits you with a +0 flail!
You hit the orc but do no damage.
The orc is moderately wounded.
You constrict the orc, but do no damage.
The orc barely misses you.
You hit the orc.
The orc is almost dead.
You constrict the orc, but do no damage.
You feel sick. The orc hits you with a +0 flail!
You die...

#.##.# #### ####.##.#
#.. .....##.## #.#
.....g#..####.#
......goog...g#
#)#######.###o# ...8#
#.# #.# .o.##
#.###.##### #g...
#......o@)# #......
#.....###.###
#..$#.###.).........#
.g8.#.##..###.###.#.#
..##. #.#.# #.# #.#.#
### #..##.. ..# #.#.#
### #.###.# #.#.# ..#
##. #.#.# .# . ..#.#


You could see an orc.

Vanquished Creatures
  2 adder zombies (D:1)
  2 orcs
  2 bats (D:1)
  An endoplasm (D:1)
  A giant cockroach (D:1)
  5 goblins
  4 hobgoblins
  2 ball pythons (D:1)
  A frilled lizard (D:1)
  2 kobolds (D:1)
  3 rats (D:1)
25 creatures vanquished.

Notes
Turn   | Place    | Note
-------+----------+-------------------------------------------
     0 | D:1      | Delamore the Octopode Brigand began the quest for the Orb.
     0 | D:1      | Reached XP level 1. HP: 14/14 MP: 1/1
    36 | D:1      | Reached XP level 2. HP: 19/19 MP: 2/2
    72 | D:1      | Found a faded altar of an unknown god.
   372 | D:1      | Reached skill level 6 in Stealth
   503 | D:1      | Found Wedwe's Book Emporium.
   599 | D:1      | Reached XP level 3. HP: 24/24 MP: 3/3
  1339 | D:2      | Slain by an orc

Illustrated notes

Levels and vault maps discovered:
D:1:      saegor_arrival_fortress, layout_loops_ring, serial_shops,
          nicolae_lakefront_shop, chequers_ecumenical_altar_simple_redux
D:2:      layout_loops_ring, hangedman_decor_push, small_statue_intersection,
          guppyfry_early_orc_mine

Skill      XL: |  1  2 |
---------------+-------+-----
Stealth        | 6 |  6.5
Fighting       | |  2.0
Short Blades   | |  2.6
Throwing       | |  2.0
Dodging        | |  1.0

Action                   || total
-------------------------++-------
Melee: Dagger            ||    41
       Tentacles         ||     6
       Constrict         ||     9
  Use: Scroll            ||     1
 Stab: Sleeping          ||    11
Armor: Skin              ||     2
Dodge: Dodged            ||    19
